 Dungeon Crawl Stone Soup version 0.18.1-48-g4cf74bf (webtiles) character file.

112 Melfield the Skirmisher (level 4, -9/32 HPs)
             Began as a Gargoyle Fighter on Aug 12, 2016.
             Killed by nerve-wracking pain
             ... invoked by an orc priest
              (13 damage)
             ... on level 2 of the Dungeon.
             The game lasted 00:05:06 (1561 turns).

Melfield the Skirmisher (Gargoyle Fighter)          Turns: 1561, Time: 00:05:12

Health: -9/32      AC: 12    Str: 20    XL:     4   Next: 95%
Magic:  4/4        EV:  5    Int:  8    God:
Gold:   122        SH: 13    Dex: 10    Spells: 0 memorised, 3 levels left

rFire  + . .     SeeInvis .     a - +0 long sword
rCold  x . .     Gourm    .     o - +0 scale mail
rNeg   + . .     Faith    .     p - +0 large shield
rPois  ∞         Spirit   .     n - +0 helmet
rElec  +         Dismiss  .     s - +0 cloak
rCorr  .         Reflect  .     (no gloves)
SustAt .         Harm     .     (no boots)
MR     .....                    (no amulet)
Stlth  ..........               (no ring)
                                g - ring of fire

@: not resistant to hostile enchantments, extremely unstealthy
A: negative energy resistance 1, electricity resistance, unbreathing,
petrification resistance, rot immunity, AC +3
a: no special abilities


You were on level 2 of the Dungeon.
You were not hungry.

You visited 1 branch of the dungeon, and saw 3 of its levels.

You collected 122 gold pieces.

Inventory:

Hand Weapons
 a - a +0 long sword (weapon)
 r - a +3 quarterstaff of chaos
Armour
 b - a +0 scale mail
 c - a +0 shield
 n - a +0 helmet (worn)
 o - a +0 scale mail (worn)
 p - a +0 large shield (worn)
 s - a +0 cloak (worn)
Jewellery
 g - a ring of fire (left hand)
 v - an uncursed ring of protection from fire {unknown}
Wands
 f - a wand of random effects (15/48)
Scrolls
 e - 3 scrolls of identify
 h - a scroll of noise
 i - a scroll of recharging {unknown}
 j - 3 scrolls of teleportation {unknown}
 k - a scroll of random uselessness {unknown}
 l - a scroll of immolation {unknown}
 q - a scroll of enchant weapon {unknown}
Potions
 d - a potion of might
 m - 2 potions of curing {unknown}
 t - a potion of lignification {unknown}
 u - a potion of mutation {unknown}
Comestibles
 w - a bread ration
 x - a beef jerky


   Skills:
 * Level 5.7 Fighting
 - Level 1.7 Long Blades
 - Level 3.2 Armour
 + Level 0.8 Dodging
 + Level 0.2 Stealth
 - Level 3.2 Shields


You had 3 spell levels left.
You didn't know any spells.

Dungeon Overview and Level Annotations

Branches:
Dungeon (3/15)

Altars:
Xom


Innate Abilities, Weirdness & Mutations

You are resistant to torment.
Your stone body is resilient (AC +3).
You are immune to poison.
You resist negative energy.
You are resistant to electric shocks.
You can survive without breathing.
You are immune to petrification.
You are immune to rotting.


Message History

You climb downwards.
There is a stone staircase leading up here.
The orc priest calls down the wrath of Beogh upon you.
Beogh smites you!
You climb upwards.
There is a stone staircase leading down here.
Your shield prevents you from hitting the orc priest.
You block the orc priest's attack.
The orc priest hits you but does no damage.
You hit the orc priest.
The orc priest is heavily wounded.
The orc priest hits you with a whip.
You hit the orc priest.
The orc priest is severely wounded.
The orc priest calls down the wrath of Beogh upon you.
Beogh smites you!
* * * LOW HITPOINT WARNING * * *
The orc priest mumbles some strange prayers to Beogh against you.
Pain shoots through your body!
You die...

#.# #.# # #.# # #.##
####..# ......#
###### ###...####
#....# #......#
#))..# #......#
#o@..# #.#....#
#....# ###.##...#
##....# .##.##.†.#
#.....# .........#
##.....#
.##.####.####......#
.##.#.........##.###
.##.#....)...#...#
.##.#.......##.###


You could see an orc priest.

Vanquished Creatures
  Crazy Yiuf (D:2)
  Terence (D:2)
  An ooze (D:1)
  4 worms (D:2)
  3 orcs (D:2)
  3 giant cockroaches
  8 goblins
  2 hobgoblins (D:2)
  3 jackals (D:2)
  A quokka (D:2)
  2 bats (D:1)
  3 giant newts
  6 kobolds (D:1)
  6 rats
44 creatures vanquished.

Notes
Turn   | Place    | Note
--------------------------------------------------------------
     0 | D:1      | Melfield the Gargoyle Fighter began the quest for the Orb.
     0 | D:1      | Reached XP level 1. HP: 14/14 MP: 1/1
    96 | D:1      | Reached XP level 2. HP: 20/20 MP: 2/2
   125 | D:1      | Reached skill level 4 in Fighting
   601 | D:2      | Reached XP level 3. HP: 24/24 MP: 3/3
   686 | D:2      | Noticed Crazy Yiuf
   692 | D:2      | Killed Crazy Yiuf
   692 | D:2      | Reached skill level 5 in Fighting
   692 | D:2      | Reached XP level 4. HP: 16/31 MP: 4/4
   874 | D:2      | Found a faded altar to an unknown god.
   983 | D:2      | Noticed Terence
  1000 | D:2      | Killed Terence
  1089 | D:2      | Found a shimmering altar of Xom.
  1561 | D:2      | Killed from afar by an orc priest

Skill      XL: |  1  2  3 |
---------------+----------+-----
Fighting       | 4 5 |  5.7
Long Blades    | |  1.7
Armour         | |  3.2
Dodging        | |  0.8
Stealth        | |  0.2
Shields        | |  3.2

Action                   |  1- 3 |  4- 6 || total
-------------------------+-------+-------++-------
Melee: Long sword        |    68 |    85 ||   153
  Use: Scroll            |     2 |       ||     2
       Potion            |     1 |       ||     1
  Eat: Bread ration      |       |     1 ||     1
Armor: Scale mail        |    25 |    39 ||    64
Dodge: Dodged            |    14 |    10 ||    24
Block: Shield            |    31 |       ||    31
       Large shield      |     6 |    80 ||    86
